 Dungeon Crawl Stone Soup version 0.32-a0-933-ga8fa3634e4 (webtiles) character file.

Game seed: 8226487090692749373

239507 ragingrage the Brawler (level 17, -1/152 HPs)
             Began as a Demigod Shapeshifter on Apr 14, 2024.
             Killed from afar by an ironbound frostheart (35 damage)
             ... by creeping frost
             ... on level 1 of the Vaults.
             The game lasted 00:55:48 (36189 turns).

ragingrage the Brawler (Demigod Shapeshifter)      Turns: 36189, Time: 00:55:49

Health: -1/152     AC: 26    Str: 43    XL:     17   Next: 95%
Magic:  0/20       EV: 21    Int:  8    God:
Gold:   1097       SH: 23    Dex: 26    Spells: 16/16 levels left

rFire   + .          .
                       - Unarmed
rCold   . . .        T - +2 tower shield {AC+3}
rNeg    + . .        n - +6 ring mail of Yrysse {Will+ SInv}
rPois   .            t - +0 helmet "Gotsimut" {+Inv Str+4 Int-4 SInv}
rElec   +            p - +2 cloak
rCorr   +            D - +2 pair of gloves {Dex+3}
SInv    +            x - +0 pair of boots of the Horehound {Regen+ rCorr}
Will    ++++.        N - amulet of the Distant Future {Spirit Fly Will+ Str+2}
Stlth   +            M - ring "Futoceih" {rN+ Will+ rCorr}
HPRegen 1.25/turn    k - ring of Vuiwk {rElec rF+ Str+6 Dex+6}
MPRegen 0.17/turn

%: guardian spirit
@: frozen, flying, studying Earth Magic, very slow
A: high MP 1, forlorn, divine attributes
}: 2/15 runes: serpentine, barnacled
a: Evoke Invisibility


You were on level 1 of the Vaults.
You visited 6 branches of the dungeon, and saw 31 of its levels.
You also visited: Ossuary, Gauntlet and Ice Cave.

You collected 3051 gold pieces.
You spent 1954 gold pieces at shops.

Inventory:

Missiles
 c - 4 throwing nets
 v - 64 poisoned darts (quivered)
 G - 15 silver javelins
 J - 31 boomerangs
 P - 18 javelins
 U - a curare-tipped dart
Armour
 n - the +6 ring mail of Yrysse (worn) {Will+ SInv}
   (You found it on level 2 of the Dungeon)

   Will+:     It increases your willpower.
   SInv:      It lets you see invisible.
 p - a +2 cloak (worn)
 t - the +0 helmet "Gotsimut" (worn) {+Inv Str+4 Int-4 SInv}
   (You took it off Robin on level 3 of the Dungeon)

   Str+4:     It affects your strength (+4).
   Int-4:     It affects your intelligence (-4).
   SInv:      It lets you see invisible.
   +Inv:      It lets you turn invisible.
 x - the +0 pair of boots of the Horehound (worn) {Regen+ rCorr}
   (You found it in a Gauntlet)

   Regen+:    It increases your rate of health regeneration.
   rCorr:     It protects you from acid and corrosion.
 D - a +2 pair of gloves of dexterity (worn)
 K - +0 pearl dragon scales
 T - a +2 tower shield of protection (worn)
Jewellery
 j - a ring of poison resistance
 k - the ring of Vuiwk (right hand) {rElec rF+ Str+6 Dex+6}
   (You bought it in a shop on level 1 of the Orcish Mines)

   [ring of dexterity]

   Str+6:     It affects your strength (+6).
   Dex+6:     It affects your dexterity (+6).
   rF+:       It protects you from fire.
   rElec:     It insulates you from electricity.
 z - a ring of protection from cold
 M - the ring "Futoceih" (left hand) {rN+ Will+ rCorr}
   (You took it off a kobold on level 6 of the Dungeon)

   [ring of resist corrosion]

   rN+:       It protects you from negative energy.
   Will+:     It increases your willpower.
   rCorr:     It protects you from acid and corrosion.
 N - the amulet of the Distant Future (around neck) {Spirit Fly Will+ Str+2}
   (You found it on level 3 of the Shoals)

   [amulet of guardian spirit]

   Spirit:    It causes incoming damage to be divided between your reserves of
   health and magic.
   Str+2:     It affects your strength (+2).
   Will+:     It increases your willpower.
   Fly:       It grants you flight.
Wands
 d - a wand of quicksilver (12)
 w - a wand of flame (94)
 y - a wand of digging (7)
 L - a wand of polymorph (8)
 O - a wand of iceblast (18)
 Z - a wand of charming (41)
Scrolls
 e - 4 scrolls of fog
 g - 5 scrolls of immolation
 i - 4 scrolls of silence
 m - 14 scrolls of teleportation
 s - 5 scrolls of blinking
 A - 3 scrolls of poison
 B - 6 scrolls of vulnerability
 C - 7 scrolls of revelation
 Q - 5 scrolls of noise
 R - 2 scrolls of fear
 S - 2 scrolls of butterflies
Potions
 a - 4 potions of enlightenment
 b - 7 potions of lignification
 f - 3 potions of brilliance
 h - 11 potions of curing
 l - 9 potions of haste
 o - a potion of might
 q - 13 potions of heal wounds
 u - 3 potions of ambrosia
 F - 2 potions of resistance
 H - 5 potions of mutation
 V - 3 potions of berserk rage
 W - 4 potions of cancellation
 X - 3 potions of magic
Miscellaneous
 r - a Gell's gravitambourine (2/2)
 E - a box of beasts (inert)
 I - a phantom mirror
 Y - a lightning rod (4/4)


   Skills:
 - Level 14.0 Fighting
 + Level 11.5 Armour
 - Level 12.0 Dodging
 + Level 14.4 Shields
 + Level 17.0 Unarmed Combat
 - Level 10.0 Evocations
 - Level 2.6 Shapeshifting


You had 16 spell levels left.
You didn't know any spells.
Your spell library contained the following spells:

 Spells                   Type           Power      Damage    Failure   Level
 Magic Dart               Conj           0%         1d3       67%         1
 Slow                     Hex            0%         N/A       67%         1
 Call Imp                 Summ           0%         N/A       80%         2
 Cigotuvi's Dreadful Rot  Necr/Alch/Air  0%         N/A       80%         2
 Lesser Beckoning         Tloc           0%         N/A       80%         2
 Searing Ray              Conj           0%         2d4       80%         2
 Sublimation of Blood     Necr           0%         N/A       80%         2
 Dazzling Flash           Conj/Hex       0%         N/A       95%         3
 Maxwell's Portable Pile  Tloc           0%         2d(5-13)  95%         3
 Stone Arrow              Conj/Erth      0%         3d7       95%         3
 Teleport Other           Tloc           0%         N/A       95%         3
 Tukima's Dance           Hex            0%         N/A       95%         3
 Animate Armour           Summ/Erth      0%         N/A       100%        4
 Brom's Barrelling Bould  Conj/Erth      0%         2d3       100%        4
 Dimensional Bullseye     Hex/Tloc       0%         N/A       100%        4
 Fulminant Prism          Conj/Alch      0%         3d5       100%        4
 Ignite Poison            Fire/Alch      0%         N/A       100%        4
 Iskenderun's Mystic Bla Conj/Tloc 0%             2d3        (+2d1     100%        4
 Summon Lightning Spire   Summ/Air       0%         N/A       100%        4
 Fireball                 Conj/Fire      0%         3d3       100%        5
 Freezing Cloud           Conj/Ice/Air   0%         6-21      100%        5
 Iskenderun's Battlesphe  Conj           0%         2d6       100%        5
 Lee's Rapid Deconstruct  Erth           0%         3d4*      100%        5
 Conjure Ball Lightning   Conj/Air       0%         3x3d6     100%        6
 Dispersal                Tloc           0%         N/A       100%        6
 Gell's Gavotte           Tloc           0%         2d(11-16) 100%        6
 Manifold Assault         Tloc           0%         N/A       100%        7
 Orb of Destruction       Conj           0%         9d5       100%        7
 Summon Hydra             Summ           0%         N/A       100%        7
 Disjunction              Tloc           0%         N/A       100%        8
 Lehudib's Crystal Spear  Conj/Erth      0%         10d2      100%        8


Dungeon Overview and Level Annotations

Branches:
Dungeon (15/15)            Temple (0/1) D:5            Lair (5/5) D:9
 Shoals (4/4) Lair:2        Snake (4/4) Lair:2        Slime (0/5) Lair:5
    Orc (2/2) D:11            Elf (0/3) Orc:2        Vaults (1/5) D:14
Ossuary (visited)           IceCv (visited)         Gauntlet (visited)
 Depths: D:15

Shops:
D:2 *   D:15 *   Orc:1 =   Orc:2 !(:(   Shoals:2 **=   Snake:1 =   Snake:3 (

Annotations:
D:3 2 transporters, EvilEddieB's ghost, amateur HuCj
D:15 1 exclusion
Lair:1 exclusions: oklob plant and 1 more exclusion
Lair:3 2 transporters, Xuanam's ghost, journeyman BaEE


Innate Abilities, Weirdness & Mutations

You have an increased reservoir of magic. (+10% MP)
You shall have no god before yourself.
Your divine heritage dramatically boosts your attributes as you level up.


Message History

The lindwurm claws you but does no damage.
The lindwurm claws you. The dire elephant tramples you!
You hold your ground!
The dire elephant trunk-slaps you but does no damage.
The lindwurm breathes flames at you. The blast of flame hits you. You resist.
The dire elephant tramples you!
You hold your ground!
The dire elephant closely misses you.
Things that are here:
a +0 war axe of electrocution; a +0 plate armour
There is an open door, spattered with blood here.
As you read the scroll of teleportation, it crumbles to dust.
You feel strangely unstable.
You block the dire elephant's attack. x4
The dire elephant attacks as it pursues you!
You block the dire elephant's attack. x2
What are your orders? t - Shout!
Orders for allies: a - Attack new target. r - Retreat! s - Stop attacking. g - Guard the area. f - Follow me.
Anything else - Cancel.
Okay, then.
Things that are here:
a +0 morningstar; a +0 scale mail; a human corpse The dire elephant attacks as it pursues you!
You block the dire elephant's attack. x2
Your surroundings suddenly seem different.
An ironbound frostheart comes into view.
The ironbound frostheart shouts!
A green ugly thing comes into view.
As you open the door, it creaks loudly!
You hear a horrible gurgling sound! x2
You hear a shout!
The ironbound frostheart calls freezing cold from the walls.
The frost grips you!!
* * * LOW HITPOINT WARNING * * *
You are encased in ice.
A red ugly thing comes into view.
The green ugly thing gurgles horribly!
The ironbound frostheart calls freezing cold from the walls.
The frost grips you!!!
You die...

......... #########
........(.., #......u.
..........., #.....p..
..........., +.....u.u
.........########......
.........+......#....
.........+......+..#
..†......#......#..#
.........#......@..#
..)k[....#......#..#
..kY)Y...#......#..#
###Y###..########..#
...Y.##.........#####
#..Y###..............
ß...ß##..............
#+#+###......#######+
ß. #......#


You could see 2 ugly things and an ironbound frostheart.

Vanquished Creatures
  Vashnia (Snake:2)
  Jorgrun (Snake:2)
  Polyphemus (Shoals:4)
  3 krakens
  A nagaraja (Snake:4)
  A vault warden (Vaults:1)
  Louise (Snake:2)
  An orc warlord (Orc:2)
  A reaper (IceCv)
  An ironbound preserver (Vaults:1)
  An angel (Shoals:3)
  A stone giant (Orc:2)
  An ironbound thunderhulk (Vaults:1)
  An apis (Shoals:4)
  A minotaur (Gauntlet)
  A dire elephant (Vaults:1)
  2 ettins
  Azrael (D:13)
  9 merfolk impalers
  7 merfolk javelineers
  Fannar (Orc:1)
  4 salamander tyrants (Snake:4)
  5 hydras
  A vault guard (Vaults:1)
  2 catoblepae
  Erolcha (Orc:2)
  6 centaur warriors
  An ironbound frostheart (Vaults:1)
  19 anacondas
  5 merfolk aquamancers
  An alligator snapping turtle (Shoals:3)
  3 two-headed ogres
  5 satyrs
  14 death yaks
  A deep troll shaman (Lair:5)
  2 tengu warriors (D:15)
  A demonic crawler (D:14)
  9 naga sharpshooters
  14 naga warriors
  Sonja (Orc:2)
  5 shock serpents
  3 orc high priests (Orc:2)
  5 skysharks
  Amaemon (Lair:1)
  3 cherubim (Shoals:4)
  5 salamander mystics
  7 sea snakes
  6 lindwurms
  13 mana vipers
  16 harpies
  6 naga ritualists
  5 deep elf pyromancers
  A phantasmal warrior (D:14)
  A necromancer (D:14)
  7 orc knights
  5 orc sorcerers
  13 ugly things
  Maurice (D:9)
  18 salamanders
  3 large abominations (Gauntlet)
  8 cyclopes
  10 fauns
  12 manticores
  2 ice statues (IceCv)
  37 black mambas
  A gargoyle (D:13)
  5 kobold blastminers (Orc:2)
  6 guardian serpents (Snake:4)
  A torpor snail (D:14)
  A water nymph (Shoals:4)
  12 elephants
  6 merfolk sirens
  11 naga magi
  An unseen horror (D:11)
  5 cane toads
  2 efreet
  7 komodo dragons
  Jeremiah (D:7)
  A rime drake (shapeshifter) (D:13)
  5 yaktaurs
  4 rime drakes
  7 ice devils (IceCv)
  5 wind drakes
  2 trolls
  16 merfolk
  Grinder (D:3)
  3 polar bears
  6 dream sheep
  4 hornets
  Prince Ribbit (Lair:2)
  9 blink frogs
  9 snapping turtles
  3 centaur simulacra (Gauntlet)
  A dream sheep (shapeshifter) (D:14)
  6 slime creatures (D:12)
  2 dire elephant simulacra (IceCv)
  5 small abominations (Gauntlet)
  A vampire (D:13)
  A shadow (D:13)
  2 wraiths (D:13)
  82 yaks
  10 wyverns
  5 water elementals
  7 basilisks
  A fire elemental (D:13)
  Grum (D:8)
  A warg (Orc:2)
  A death yak simulacrum (IceCv)
  A steam dragon (D:6)
  4 vampire mosquitoes (D:12)
  5 harpy simulacra (IceCv)
  An acid dragon (D:9)
  4 swamp worms (D:14)
  14 water moccasins
  19 nagas
  3 hydra simulacra (IceCv)
  5 hell hounds
  22 orc warriors
  2 sky beasts
  5 black bears
  2 laughing skulls (D:15)
  6 ogres
  A tengu (shapeshifter) (D:14)
  26 wolves
  12 centaurs
  A phantom (D:5)
  3 kobold brigands
  16 bullfrogs
  A gnoll sergeant (D:11)
  A scorpion (D:5)
  2 water moccasin zombies (Ossuary)
  A burial acolyte (Ossuary)
  9 wights
  A hornet simulacrum (D:15)
  9 killer bees (D:9)
  4 howler monkeys
  7 jellies
  4 bombardier beetles
  A wyvern simulacrum (Gauntlet)
  2 hounds (D:6)
  4 lava snakes (Lair:2)
  A gnoll bouda (D:6)
  12 orc priests
  4 iguanas
  4 sleepcaps
  Terence (D:3)
  15 hell rats
  Natasha (thrice) (D:2)
  28 orc wizards
  A spriggan simulacrum (IceCv)
  A troll simulacrum (IceCv)
  2 crocodile zombies (Ossuary)
  A boggart simulacrum (Gauntlet)
  2 mummies (Ossuary)
  Robin (D:3)
  4 gnolls (D:11)
  7 adders
  13 river rats (Lair:2)
  4 ufetubi
  2 adder zombies (Ossuary)
  74 orcs
  4 ball pythons
  8 endoplasms
  2 giant cockroaches
  10 hobgoblins
  3 jackals (D:1)
  24 kobolds
  7 quokkas
  4 bats
  3 frilled lizards
  13 gnoll zombies (Ossuary)
  14 goblins
  5 jackal zombies (Ossuary)
  6 orc zombies (Ossuary)
  11 rats
  4 tentacles
1083 creatures vanquished.

Vanquished Creatures (collateral kills)
  2 vault wardens (Vaults:1)
  An ironbound thunderhulk (Vaults:1)
  A merfolk impaler (Shoals:3)
  An anaconda (Snake:2)
  A naga warrior (Snake:2)
  A salamander mystic (Snake:2)
  2 salamanders (Snake:2)
  A vault sentinel (Vaults:1)
  An orange demon (Lair:1)
  A rime drake (Lair:4)
12 creatures vanquished.

Vanquished Creatures (others)
  2 shock serpents
  A naga (Snake:3)
  2 orc priests (Orc:2)
  An orc wizard (Orc:2)
  24 tentacles
30 creatures vanquished.

Grand Total: 1125 creatures vanquished

Notes
Turn   | Place    | Note
-------+----------+-------------------------------------------
     0 | D:1      | ragingrage the Demigod Shapeshifter began the quest for the
                  | Orb.
     0 | D:1      | Reached XP level 1. HP: 15/15 MP: 3/3
   423 | D:1      | Reached skill level 3 in Unarmed Combat
   661 | D:1      | Reached XP level 2. HP: 22/22 MP: 4/4
  1302 | D:2      | Identified the +6 ring mail of Yrysse {Will+ SInv}
  1378 | D:2      | Found Disel's Assorted Antiques.
  1390 | D:2      | Bought a scroll labelled ATEHOL XEPY for 31 gold pieces
  1390 | D:2      | Bought a scroll labelled MOIGEEMMIU for 31 gold pieces
  1390 | D:2      | Bought a scroll labelled BIKEIT VIUBI for 31 gold pieces
  1405 | D:2      | Noticed Natasha
  1426 | D:2      | Killed Natasha
  1427 | D:2      | Reached skill level 4 in Unarmed Combat
  1427 | D:2      | Reached XP level 3. HP: 27/27 MP: 5/5
  1443 | D:2      | Identified the +0 robe "Domi" {*Slow rElec rN+ Dex+2}
  1517 | D:2      | Noticed Natasha
  1523 | D:2      | Killed Natasha
  1524 | D:2      | Reached XP level 4. HP: 25/34 MP: 6/6
  1678 | D:2      | Noticed Natasha
  1684 | D:2      | Killed Natasha
  1685 | D:2      | Reached skill level 5 in Unarmed Combat
  1853 | D:3      | Noticed Grinder
  1889 | D:3      | Killed Grinder
  1890 | D:3      | Reached skill level 6 in Unarmed Combat
  1890 | D:3      | Reached XP level 5. HP: 39/39 MP: 7/7
  1890 | D:3      | Reached XP level 6. HP: 46/46 MP: 8/8
  1941 | D:3      | Identified the +0 helmet "Gotsimut" {+Inv Str+4 Int-4 SInv}
  1941 | D:3      | Noticed Robin
  1978 | D:3      | Killed Robin
  2074 | D:3      | Reached skill level 7 in Unarmed Combat
  2075 | D:3      | Noticed Terence
  2103 | D:3      | Killed Terence
  2259 | D:3      | Found a transporter.
  2263 | D:3      | Noticed EvilEddieB's ghost (amateur HuCj)
  2508 | D:3      | Found a transporter.
  2943 | D:4      | Identified the +6 trident of Spontaneous Combustion
                  | {freeze, ^Contam rF++}
  3041 | D:4      | Reached XP level 7. HP: 47/51 MP: 9/9
  3155 | D:4      | Found a sand-covered staircase.
  3163 | Ossuary  | Entered an ossuary
  3201 | Ossuary  | Reached skill level 8 in Unarmed Combat
  3832 | D:5      | Entered Level 5 of the Dungeon
  3877 | D:5      | Found a staircase to the Ecumenical Temple.
  3893 | D:5      | Reached skill level 9 in Unarmed Combat
  4366 | D:6      | Reached XP level 8. HP: 42/58 MP: 10/10
  4526 | D:6      | Reached skill level 10 in Unarmed Combat
  4526 | D:6      | Reached skill level 1 in Fighting
  4729 | D:6      | Identified the ring "Futoceih" {rN+ Will+ rCorr}
  5693 | D:7      | Noticed Jeremiah
  5700 | D:7      | Killed Jeremiah
  5701 | D:7      | Reached XP level 9. HP: 65/73 MP: 11/11
  5709 | D:6      | Reached skill level 5 in Fighting
  5752 | D:6      | Reached skill level 11 in Unarmed Combat
  6629 | D:8      | Noticed Grum
  6660 | D:7      | Reached skill level 12 in Unarmed Combat
  6806 | D:8      | Killed Grum
  7319 | D:8      | Noticed a green ugly thing
  7326 | D:8      | Killed a green ugly thing
  7327 | D:8      | Reached skill level 13 in Unarmed Combat
  7327 | D:8      | Reached XP level 10. HP: 81/81 MP: 13/13
  7733 | D:9      | Reached skill level 1 in Armour
  8023 | D:9      | Noticed Maurice
  8044 | D:10     | Entered Level 10 of the Dungeon
  9238 | D:9      | Found a staircase to the Lair.
  9601 | D:9      | Maurice stole a flux talisman
  9607 | D:9      | Killed Maurice
  9934 | D:9      | Reached XP level 11. HP: 81/86 MP: 14/14
 10041 | D:9      | Reached skill level 5 in Dodging
 10304 | D:11     | Reached skill level 14 in Unarmed Combat
 10333 | D:11     | Found a staircase to the Orcish Mines.
 10442 | D:11     | Reached skill level 5 in Armour
 11366 | Lair:1   | Entered Level 1 of the Lair of Beasts
 11517 | Lair:1   | Noticed Amaemon
 11625 | Lair:1   | Killed Amaemon
 11662 | Lair:1   | Found a gate leading to a gauntlet.
 11677 | Gauntlet | Entered a Gauntlet
 11677 | Gauntlet | Found a transporter.
 11710 | Gauntlet | Found a transporter.
 11713 | Gauntlet | Found the +0 cloak of the Thief {Quiet Slay-3 SInv Stlth+}
 11720 | Gauntlet | Found a transporter.
 11722 | Gauntlet | Noticed an arcanist
 11723 | Gauntlet | Noticed a ghost crab
 11725 | Gauntlet | Found a transporter.
 11735 | Gauntlet | Noticed an occultist
 11740 | Gauntlet | Found a transporter.
 11759 | Gauntlet | Found a transporter.
 11771 | Gauntlet | Found a transporter.
 11783 | Gauntlet | Found a transporter.
 11783 | Gauntlet | Noticed an orange crystal statue
 11789 | Gauntlet | Found a transporter.
 11789 | Gauntlet | Found a transporter.
 11806 | Gauntlet | Noticed a quicksilver ooze
 11808 | Gauntlet | Found a transporter.
 11818 | Gauntlet | Noticed a sixfirhy
 11820 | Gauntlet | Found a transporter.
 11830 | Gauntlet | Noticed a sixfirhy
 11837 | Gauntlet | Found a transporter.
 11854 | Gauntlet | Found a transporter.
 11856 | Gauntlet | Found a transporter.
 11881 | Gauntlet | Found a transporter.
 11883 | Gauntlet | Found a transporter.
 11905 | Gauntlet | Found a transporter.
 12294 | Gauntlet | Paralysed by a hornet for 2 turns
 12644 | Gauntlet | Identified the +0 pair of boots of the Horehound {Regen+
                  | rCorr}
 12803 | Gauntlet | Noticed a minotaur
 12806 | Gauntlet | Killed a minotaur
 12813 | Gauntlet | Identified the +7 spear of the Mind {vamp, *Noise rPois
                  | Int-4 Dex+6}
 12813 | Gauntlet | Identified the +8 mace of the Chewing Gods {freeze, Will+
                  | Int+2}
 13355 | Lair:2   | Noticed a seven-headed hydra
 13365 | Lair:2   | Killed a seven-headed hydra
 13366 | Lair:2   | Reached XP level 12. HP: 55/97 MP: 15/15
 13795 | Lair:2   | Noticed Prince Ribbit
 13815 | Lair:2   | Killed Prince Ribbit
 14145 | Lair:2   | Found a staircase to the Snake Pit.
 14512 | Lair:2   | Reached skill level 10 in Dodging
 14778 | Lair:2   | Found a staircase to the Shoals.
 14920 | Lair:3   | Identified the +6 morningstar "Lynor" {drain, *Slow rPois
                  | rCorr Int+3 Dex+3}
 14941 | Lair:3   | Noticed a five-headed hydra
 14942 | Lair:3   | Noticed Xuanam's ghost (journeyman BaEE)
 14988 | Lair:3   | Reached skill level 1 in Shields
 15168 | Lair:3   | Found a transporter.
 15171 | Lair:3   | Found a transporter.
 15192 | Lair:3   | Noticed a six-headed hydra
 15261 | Lair:3   | Noticed a five-headed hydra
 15269 | Lair:3   | Killed a five-headed hydra
 15270 | Lair:3   | Reached XP level 13. HP: 86/107 MP: 16/16
 15464 | Lair:3   | Reached skill level 15 in Unarmed Combat
 16609 | Lair:4   | Reached skill level 16 in Unarmed Combat
 17015 | Lair:5   | Entered Level 5 of the Lair of Beasts
 17109 | Lair:5   | Reached skill level 5 in Shields
 17215 | Lair:5   | Reached skill level 1 in Evocations
 17629 | Lair:5   | Got the Guidebook on the Maleficium
 17756 | Lair:5   | Found a staircase to the Slime Pits.
 18632 | Orc:1    | Entered Level 1 of the Orcish Mines
 18703 | Orc:1    | Found Asiakhat's Jewellery Shoppe.
 18704 | Orc:1    | Found a frozen archway.
 18712 | Orc:1    | Bought the ring of Vuiwk {rElec rF+ Str+6 Dex+6} for 904
                  | gold pieces
 18751 | Orc:1    | Reached XP level 14. HP: 116/116 MP: 17/17
 18803 | Orc:2    | Entered Level 2 of the Orcish Mines
 18886 | IceCv    | Entered an ice cave
 19304 | IceCv    | Reached skill level 5 in Evocations
 19416 | IceCv    | Noticed a reaper
 19429 | IceCv    | Killed a reaper
 19997 | Orc:2    | Found a staircase to the Elven Halls.
 19997 | Orc:2    | Noticed Sonja
 20000 | Orc:2    | Noticed an orc warlord
 20044 | Orc:2    | Killed an orc warlord
 20045 | Orc:2    | Killed Sonja
 20049 | Orc:2    | Noticed Erolcha
 20058 | Orc:2    | Killed Erolcha
 20873 | Orc:1    | Noticed Fannar
 20895 | Orc:1    | Killed Fannar
 21112 | Orc:2    | Found Hijip's Antique Weapon Shop.
 21112 | Orc:2    | Found Xedis's Distillery.
 21139 | Orc:2    | Found Wydwust's Book Shop.
 21139 | Orc:2    | Found Vautashi's Weapon Emporium.
 21151 | Orc:2    | Bought a potion of berserk rage for 55 gold pieces
 21151 | Orc:2    | Bought a potion of heal wounds for 55 gold pieces
 21151 | Orc:2    | Bought a potion of berserk rage for 55 gold pieces
 21151 | Orc:2    | Bought 2 potions of magic for 176 gold pieces
 22313 | D:13     | Noticed Azrael
 22366 | D:13     | Killed Azrael
 22446 | D:13     | Reached skill level 10 in Fighting
 23057 | D:13     | Reached XP level 15. HP: 126/126 MP: 16/18
 23663 | D:14     | Found a gate to the Vaults.
 23805 | D:15     | Entered Level 15 of the Dungeon
 23959 | D:15     | Reached skill level 10 in Shields
 24279 | D:15     | Reached skill level 10 in Armour
 24394 | D:15     | Found Feha's General Store.
 24398 | D:15     | Bought a phantom mirror for 560 gold pieces
 24398 | D:15     | Bought a scroll of teleportation for 42 gold pieces
 24713 | Snake:1  | Entered Level 1 of the Snake Pit
 24882 | Snake:1  | Found Jimpotut's Jewellery Shoppe.
 25197 | Snake:1  | You fall into a shaft and drop 1 floor!
 25457 | Snake:2  | Noticed Vashnia
 25475 | Snake:2  | Killed Vashnia
 25917 | Snake:2  | Identified the +1 tower shield "Sijoilac" {rC- rN+ Int+3
                  | Stlth+}
 25917 | Snake:2  | Noticed Louise
 25963 | Snake:2  | Killed Louise
 26158 | Snake:2  | Noticed Jorgrun
 26184 | Snake:2  | Killed Jorgrun
 26674 | Snake:2  | Reached XP level 16. HP: 138/138 MP: 10/19
 27256 | Snake:3  | Found Esovyf's Antique Weapon Emporium.
 28277 | Snake:4  | Entered Level 4 of the Snake Pit
 30490 | Snake:4  | Got a serpentine rune of Zot
 30913 | Shoals:1 | Entered Level 1 of the Shoals
 31561 | Shoals:2 | Found Souwe's Assorted Antiques.
 31592 | Shoals:2 | Reached XP level 17. HP: 150/150 MP: 20/20
 31765 | Shoals:2 | Found Edeppil's CLEARANCE SALE!.
 31799 | Shoals:2 | Bought a scroll of teleportation for 6 gold pieces
 31799 | Shoals:2 | Bought a scroll of butterflies for 8 gold pieces
 32001 | Shoals:2 | Found Yddaon's Jewellery Shoppe.
 32611 | Shoals:3 | Identified the ring of the Bouncing Lovers {^Contam rPois
                  | Int+8 Dex-4 SInv}
 32652 | Shoals:3 | Identified the amulet of the Distant Future {Spirit Fly
                  | Will+ Str+2}
 33312 | Shoals:4 | Entered Level 4 of the Shoals
 33491 | Shoals:4 | Noticed Polyphemus
 33513 | Shoals:4 | Killed Polyphemus
 33594 | Shoals:4 | Reached skill level 10 in Evocations
 34445 | Shoals:4 | Identified the +6 whip of Amortisation {heavy, rF+ MP+9}
 34450 | Shoals:4 | Identified the +5 sling of Cowardice {elec, ^Contam +Blink
                  | Int+6}
 34532 | Shoals:4 | Identified the staff "Hahiomas" {rF+ Int+2 Dex+5 Fire}
 34726 | Shoals:4 | Identified the +7 orcbow of Ujips {flame, ^Drain rElec
                  | Int+7 Dex-5}
 34830 | Shoals:4 | Got a barnacled rune of Zot
 36050 | Vaults:1 | Entered Level 1 of the Vaults
 36141 | Vaults:1 | Reached skill level 17 in Unarmed Combat
 36189 | Vaults:1 | Killed from afar by an ironbound frostheart

Illustrated notes

Levels and vault maps discovered:
D:1:      saegor_arrival_fortress, layout_loops_corners, chequers_mini_garden,
          serial_bayou_pond_b, minmay_misc_feat_square
D:2:      layout_rooms, serial_shops, nicolae_shop_overgrown_old_shop,
          uniq_natasha
D:3:      layout_basic, tso_oasis_becter, mainiacjoe_overflow_chevrons,
          general_overflow_altar, gammafunk_ghost_arena, uniq_grinder,
          uniq_robin, uniq_terence
D:4:      layout_rooms, slow_altar_2, xom_butterflies,
          nicolae_ossuary_entry_false_entrances, minmay_quantized
D:5:      layout_gridville, minmay_temple_entry_steel_oval
D:6:      kennysheep_six_static_rooms, layout_loops_ring,
          kennysheep_orc_sif_temple, grunt_decor_cap, grunt_decor_resistance,
          minmay_manual_mares
D:7:      layout_rooms, minitemple, serial_glass, glass_columns_a,
          glass_columns_b, item_on_display_a, item_on_display_a,
          item_on_display_b, uniq_jeremiah
D:8:      layout_rooms, nicolae_ru_the_path_less_chosen, dk_noncrumbling_3,
          nicolae_twisty_statue_hallways, uniq_grum
D:9:      layout_rooms, okawaru_trees_1, minmay_lair_entry_grove, uniq_maurice
D:10:     layout_stronghold
D:11:     layout_basic, david_orc_3, kennysheep_pointless_box,
          dreamdust_wishing_well, serial_bayou_pond_e,
          cheibrodos_ashenzari_chains
D:12:     layout_roguey
D:13:     minmay_cornered_nines, layout_rooms, uniq_azrael
D:14:     layout_cave_pools, david_vaults_4, worms_lemuel
D:15:     grunt_enter_depths_hoard, layout_cave_pools, serial_shops,
          nicolae_shop_back_alley_shop, dreamdust_mushroom_princess,
          abandoned_shop
Lair:1:   layout_chaotic_city, gauntlet_entry_generic, minmay_lair_oklob_bushes,
          uniq_amaemon
Lair:2:   lemuel_ratsnest, layout_loops_ring,
          mainiacjoe_shoals_entry_four_pools, nicolae_snake_entry_warm_welcome,
          lemuel_fruit_tree, lemuel_fruit_fields, uniq_prince_ribbit2
Lair:3:   layout_roguey, gammafunk_ghost_arena, grunt_megastairs_3
Lair:4:   layout_regular_city, beast_lair_carwin_5, serial_bayou_shore_b
Lair:5:   grunt_lair_end_beastmaster, layout_layer_cave,
          nicolae_slime_entry_slimehenge, basic_altar
Shoals:1: layout_shoals
Shoals:2: layout_shoals, serial_shops, nicolae_diamond_shop,
          nicolae_lakefront_shop, nicolae_shop_clearance
Shoals:3: layout_shoals, lemuel_altar_in_water, yaktaur_hedge
Shoals:4: shoals_end_hellmonk_holy_island, uniq_polyphemus
Snake:1:  layout_onion, serial_shops, nicolae_shop_gaudy_bauble
Snake:2:  layout_onion_interference, nicolae_snake_lava_pool, uniq_vashnia,
          uniq_louise, uniq_jorgrun
Snake:3:  layout_layer_cave, nicolae_triple_integral, minmay_shop_star
Snake:4:  snake_pit_salamanders_mu, layout_basic, special_room
Orc:1:    layout_caves, serial_shops, portal_ice_cave_entry_pillars_2,
          minmay_shop_enchanted_jewellery, uniq_fannar
Orc:2:    grunt_orc_tribal_feast, layout_caves, basic_altar,
          hellmonk_guarded_unrand_dark_maul, uniq_erolcha, uniq_sonja
Vaults:1: v_misc_9, nicolae_vaults_trapezoid_layered, v_misc_9,
          grunt_vaults_twisty, v_misc_14, nicolae_vaults_storage_room_glass,
          nicolae_vaults_surprise_closet, vaults_standard_mumra_x,
          nicolae_vaults_tetromino_L_1, nicolae_vaults_border_crossing,
          layout_vaults_big_room, serial_magic_research,
          hangedman_research_convocations, hangedman_research_pyrotechnics,
          hangedman_research_geology, hangedman_research_thanatology

Skill      XL: |  1  2  3  4  5  6  7  8  9 10 11 12 13 14 15 16 17 |
---------------+----------------------------------------------------+-----
Unarmed Combat | 3 4 6 7 9 10 13 14 16 17 | 17.0
Fighting       | 4 5 6 8 10 11 13 14 | 14.0
Dodging        | 4 7 10 11 12 | 12.0
Armour         | 4 7 8 11 | 11.5
Shields        | 3 6 9 10 12 14 | 14.4
Evocations     | 4 7 9 10 | 10.0
Shapeshifting  | |  2.6

Action                     |  1- 3 |  4- 6 |  7- 9 | 10-12 | 13-15 | 16-18 || total
---------------------------+-------+-------+-------+-------+-------+-------++-------
  Melee: Unarmed           |   107 |   128 |   441 |   900 |  1750 |  1385 ||  4711
         Punch             |       |     8 |    19 |    71 |    16 |       ||   114
  Throw: Dart              |       |     3 |     2 |     2 |     9 |     2 ||    18
  Evoke: Wand              |       |       |     1 |    10 |    10 |     3 ||    24
         Lightning rod     |       |       |       |     3 |     6 |     4 ||    13
         Box of beasts     |       |       |       |       |     3 |     2 ||     5
         Gell's gravitambo |       |       |       |       |       |     1 ||     1
         Phantom mirror    |       |       |       |       |       |     1 ||     1
    Use: Scroll            |     3 |       |     6 |     8 |    10 |     3 ||    30
         Potion            |       |     1 |     2 |    13 |     3 |       ||    19
   Stab: Sleeping          |     1 |       |       |       |     2 |       ||     3
         Invisible         |       |       |       |     2 |       |       ||     2
         Distracted        |       |       |       |       |     5 |     1 ||     6
         Petrified         |       |       |       |       |     1 |       ||     1
         Betrayed ally     |       |       |       |       |     1 |       ||     1
 Armour: Ring mail         |    60 |    65 |   281 |   502 |   646 |   671 ||  2225
         Animal skin       |     5 |       |       |       |       |       ||     5
         Skin              |       |     7 |     4 |    15 |       |       ||    26
         Leather armour    |       |       |       |    39 |    60 |       ||    99
  Dodge: Dodged            |    63 |    58 |   271 |   616 |   653 |   585 ||  2246
  Block: Tower shield      |       |       |       |       |  1597 |  1725 ||  3322
         Kite shield       |       |       |       |       |       |    46 ||    46
         Reflection        |       |       |       |       |       |     4 ||     4
         Form:             |       |       |     1 |       |     1 |       ||     2
         Blade             |       |       |       |       |     1 |       ||     1

Table legend: (Time is in decaauts)
 A = Elapsed time spent in this place.
 B = Non-inter-level travel time spent in this place.
 C = Inter-level travel time spent in this place.
 D = Time resting spent in this place.
 E = Time spent auto-exploring this place.
 F = Levels seen in this place.
 G = Mean time per level.
                   A        B        C        D        E       F      G
               +--------+--------+--------+--------+--------+-----+--------+
         Total |  35561 |  33192 |   2369 |   4976 |  19263 |  34 | 1045.9 |
       Dungeon |  14230 |  13092 |   1138 |   2151 |   8377 |  15 |  948.7 |
          Lair |   6086 |   5578 |    508 |    447 |   3404 |   5 | 1217.2 |
        Shoals |   4971 |   4667 |    304 |    581 |   2826 |   4 | 1242.8 |
     Snake Pit |   5963 |   5683 |    280 |    948 |   3120 |   4 | 1490.8 |
  Orcish Mines |   1906 |   1769 |    137 |    338 |    706 |   2 |  953.0 |
        Vaults |    124 |    124 |      0 |      0 |     49 |   1 |  124.0 |
       Ossuary |    373 |    373 |      0 |    115 |    127 |   1 |  373.0 |
      Ice Cave |    771 |    771 |      0 |    181 |    163 |   1 |  771.0 |
      Gauntlet |   1134 |   1134 |      0 |    214 |    490 |   1 | 1134.0 |
               +--------+--------+--------+--------+--------+-----+--------+

Top non-repeatable levels by time:
 Snake:4: 2355 daAuts
 Snake:2: 1809 daAuts
     D:6: 1717 daAuts
  Lair:2: 1660 daAuts
Shoals:3: 1432 daAuts
   Orc:2: 1420 daAuts
Shoals:4: 1416 daAuts
  Lair:5: 1356 daAuts
 Snake:3: 1289 daAuts
     D:9: 1283 daAuts
    D:10: 1271 daAuts
     D:1: 1201 daAuts
Gauntlet: 1134 daAuts
  Lair:3: 1120 daAuts
Shoals:2: 1107 daAuts
